 Dungeon Crawl Stone Soup version 0.26.1-2-gb8aa6d0cf2 (webtiles) character file.

Game seed: 6742594198376145588

128 olmar the Covered (level 5, 0/33 HPs)
             Began as a Gargoyle Fighter on Mar 12, 2021.
             Slain by a gnoll
             ... wielding a +0 halberd
              (9 damage)
             ... on level 2 of the Dungeon.
             The game lasted 00:03:09 (2192 turns).

olmar the Covered (Gargoyle Fighter)                Turns: 2192, Time: 00:03:10

Health: 0/33       AC: 11    Str: 21    XL:     5   Next: 11%
Magic:  5/5        EV:  7    Int:  8    God:
Gold:   82         SH:  9    Dex:  9    Spells: 4/4 levels left

rFire    . . .     SeeInvis .   a - +0 flail
rCold    . . .     Faith    .   c - +0 kite shield
rNeg     + . .     Spirit   .   b - +0 scale mail
rPois    ∞         Reflect  .   (no helmet)
rElec    +         Harm     .   (no cloak)
rCorr    .         Rampage  .   (no gloves)
Will     .....                  (no boots)
Stlth    ..........             (no amulet)
HPRegen  0.11/turn              (no ring)
MPRegen  0.09/turn              (no ring)

@: no status effects
A: negative energy resistance 1, electricity resistance, unbreathing,
petrification resistance, miasma immunity, AC +4
a: no special abilities


You were on level 2 of the Dungeon.
You visited 1 branch of the dungeon, and saw 3 of its levels.

You collected 82 gold pieces.

Inventory:

Hand Weapons
 a - a +0 flail (weapon)
Armour
 b - a +0 scale mail (worn)
 c - a +0 kite shield (worn)
Jewellery
 e - a +6 ring of dexterity {unknown}
 j - an uncursed amulet of regeneration {unknown}
Scrolls
 f - a scroll of immolation {unknown}
 g - a scroll of enchant weapon {unknown}
 h - 2 scrolls of teleportation {unknown}
 k - a scroll of random uselessness {unknown}
 l - 3 scrolls of identify {unknown}
 m - a scroll of remove curse {unknown}
 n - a scroll of noise {unknown}
 r - a scroll of enchant armour {unknown}
Potions
 d - a potion of might
 i - a potion of ambrosia {unknown}
 o - 3 potions of brilliance {unknown}
 p - a potion of curing {unknown}
 q - a potion of degeneration {unknown}
 s - a potion of heal wounds {unknown}


   Skills:
 + Level 3.7 Fighting
 + Level 3.4 Maces & Flails
 + Level 4.3 Armour
 + Level 4.0 Shields


You had 4 spell levels left.
You didn't know any spells.
Your spell library was empty.

Dungeon Overview and Level Annotations

Branches:
Dungeon (3/15)

Altars:


Innate Abilities, Weirdness & Mutations

You are resistant to torment.
Your stone body is resilient. (AC +4)
You are immune to poison.
You resist negative energy. (rN+)
You are resistant to electric shocks. (rElec)
You can survive without breathing.
You are immune to petrification.
You are immune to miasma.


Message History

Your shield and scale mail prevent you from hitting the gnoll.
The gnoll is heavily wounded.
The gnoll hits you but does no damage.
You barely miss the gnoll.
The gnoll is heavily wounded.
The gnoll closely misses you.
You closely miss the gnoll.
The gnoll is heavily wounded.
The gnoll hits you with a +0 halberd!
* * * LOW HITPOINT WARNING * * *
You closely miss the gnoll.
The gnoll is heavily wounded.
You block the gnoll's attack.
You hit the gnoll but do no damage.
The gnoll is heavily wounded.
You block the gnoll's attack.
Okay, then.
Unknown command.
The gnoll hits you from afar with a +0 halberd!
You die...

##.# #.# #.......# ...# #.##
###.###.# #### #..# #......#
##.## #..##### #..# #..#
##################.######..#
#................#.##......#
#.##############.#.##.####.#
..#...# ###@#..#.# #.#
###.#.# #......#.# #.#
......# #.#.#g...####.#
....### #.#...#.......#
##### #.#####.####..# #
#......†......# #
########.##.[.# # #.##...# #
##### #..#...######


You could see a gnoll.

Vanquished Creatures
  An iguana (D:2)
  A gnoll (D:2)
  3 adders
  An ooze (D:1)
  A worm (D:2)
  2 dart slugs (D:2)
  A leopard gecko (D:1)
  6 giant cockroaches
  8 goblins
  4 hobgoblins (D:1)
  10 jackals
  A quokka (D:2)
  5 bats
  4 frilled lizards (D:2)
  2 rats (D:2)
50 creatures vanquished.

Notes
Turn   | Place    | Note
-------+----------+-------------------------------------------
     0 | D:1      | olmar the Gargoyle Fighter began the quest for the Orb.
     0 | D:1      | Reached XP level 1. HP: 14/14 MP: 1/1
   299 | D:1      | Reached XP level 2. HP: 14/19 MP: 2/2
   844 | D:1      | Reached XP level 3. HP: 22/23 MP: 3/3
  1341 | D:2      | Reached XP level 4. HP: 28/28 MP: 4/4
  1919 | D:2      | Reached XP level 5. HP: 33/33 MP: 5/5
  2192 | D:2      | Slain by a gnoll

Illustrated notes

Levels and vault maps discovered:
D:1:      psy_arrival_basics, layout_loops_corners, minmay_misc_feat_diagonals,
          minmay_misc_feat_more_columns
D:2:      layout_basic
D:3:      layout_loops_ring, corexii_corridor_pit

Skill      XL: |  1  2  3  4  5 |
---------------+----------------+-----
Armour         | 4 |  4.3
Maces & Flails | 3 |  3.4
Shields        | 4 |  4.0
Fighting       | |  3.7

Action                   |  1- 3 |  4- 6 || total
-------------------------+-------+-------++-------
Melee: Flail             |    98 |    99 ||   197
Armor: Scale mail        |    49 |    65 ||   114
Dodge: Dodged            |    30 |    43 ||    73
Block: Kite shield       |    51 |    66 ||   117
